[Event "Quebec op U2000"]
[Site "Montreal CAN"]
[Date "2000.07.27"]
[Round "7"]
[White "Blais, Georges"]
[Black "Simard, Jole"]
[Result "1-0"]
[ECO "A05"]
[WhiteElo "1766"]
[BlackElo "1553"]
[PlyCount "27"]
[GameId "2160767739382516"]
[EventDate "2000.07.22"]
[EventType "swiss"]
[EventRounds "9"]
[EventCountry "CAN"]
[TimeControl "40/2:0"]

1. Nf3 Nf6 2. b3 e6 3. Bb2 b6 4. g3 Bb7 5. Bg2 Be7 6. O-O O-O 7. c4 d6 8. Nc3 Nbd7 9. d3 Ne8 10. e4 f5 11. Nd4 Rf6 12. exf5 Bxg2 13. Kxg2 exf5 14. Nc6 1-0

[Event "Quebec-ch classe U2000"]
[Site "St-Jean CAN"]
[Date "2000.10.07"]
[Round "3"]
[White "Blais, Georges"]
[Black "Dorion, Francois"]
[Result "1-0"]
[ECO "D45"]
[WhiteElo "1671"]
[BlackElo "1739"]
[PlyCount "129"]
[GameId "2160767739837766"]
[EventDate "2000.10.06"]
[EventType "swiss"]
[EventRounds "5"]
[EventCountry "CAN"]
[TimeControl "30/90:0"]

1. Nf3 Nf6 2. c4 c6 3. Nc3 d5 4. e3 e6 5. Be2 Nbd7 6. d4 Bb4 7. Qb3 Bxc3+ 8. Qxc3 O-O 9. O-O Ne4 10. Qc2 f5 11. g3 Ndf6 12. Ne5 Qe8 13. f3 Ng5 14. b3 Nh3+ 15. Kg2 Qh5 16. f4 Qh6 17. Bf3 Bd7 18. Qe2 g5 19. fxg5 Nxg5 20. Kh1 Be8 21. Ba3 Nfe4 22. Bxe4 Nxe4 23. Qf3 Bh5 24. Qf4 Rf6 25. Be7 Qxf4 26. Rxf4 Rh6 27. Rc1 Be2 28. Kg2 dxc4 29. bxc4 Re8 30. Bh4 c5 31. Rc2 Bd1 32. Rc1 Ba4 33. dxc5 Nxc5 34. Rd4 Kg7 35. Bg5 Rh5 36. Bf4 Rg8 37. Nf3 Bc6 38. Rf1 Ne4 39. Kg1 Kf6 40. Be5+ Ke7 41. Bf4 Nf6 42. Ne5 Be4 43. Rfd1 Rc8 44. h4 h6 45. Ng6+ Kf7 46. Ne5+ Kg7 47. Rd6 b5 48. Rxe6 bxc4 49. Re7+ Kg8 50. Re6 c3 51. Rxf6 c2 52. Rg6+ Kh8 53. Rc1 Kh7 54. Rd6 Rb8 55. Rd7+ Kg8 56. Kf2 Rb1 57. Rd8+ Kg7 58. Rd7+ Kf6 59. Rd6+ Ke7 60. Ng6+ Ke8 61. Rxc2 Bxc2 62. Ra6 Be4 63. Rxa7 Rb6 64. Re7+ Kd8 65. Bc7+ 1-0

[Event "Quebec-ch classe U2000"]
[Site "St-Jean CAN"]
[Date "2000.10.08"]
[Round "5"]
[White "Boileau, Samuel"]
[Black "Blais, Georges"]
[Result "0-1"]
[ECO "A30"]
[WhiteElo "1735"]
[BlackElo "1671"]
[PlyCount "24"]
[GameId "2160767739837768"]
[EventDate "2000.10.06"]
[EventType "swiss"]
[EventRounds "5"]
[EventCountry "CAN"]
[TimeControl "30/90:0"]

1. b3 c5 2. c4 Nf6 3. Bb2 e6 4. e3 Nc6 5. d4 cxd4 6. exd4 Bb4+ 7. Nd2 Ne4 8. Ngf3 Qa5 9. Bd3 Nxd2 10. Nxd2 Qg5 11. Be4 Qf4 12. Qe2 Bxd2+ 0-1